 Dungeon Crawl Stone Soup version 0.17-a0-1139-g49cbdf8 (webtiles) character file.

134 Kisielow the Poker (level 5, -1/41 HPs)
             Began as a Merfolk Skald on May 26, 2015.
             Slain by an orc wizard
             ... wielding a +0 whip
              (6 damage)
             ... on level 3 of the Dungeon.
             The game lasted 00:06:41 (2132 turns).

Kisielow the Poker (Merfolk Skald)                  Turns: 2132, Time: 00:06:41

Health: -1/41      AC:  8    Str: 13    XL:     5   Next: 17%
Magic:  4/8        EV: 13    Int: 16    God:
Gold:   155        SH:  0    Dex: 14    Spells: 3 memorised, 2 levels left

rFire  . . .     SeeInvis .     f - +0 trident
rCold  . . .     Clarity  .     b - +0 leather armour
rNeg   . . .     SustAt   .     (no shield)
rPois  .         Gourm    .     e - +0 helmet (curse)
rElec  .         Spirit   .     p - +0 cloak
rCorr  .         Warding  .     a - +1 pair of gloves
rMut   .         Stasis   .     m - +0 pair of boots
MR     .....                    (no amulet)
Stlth  +.........               (no ring)
                                (no ring)

@: brilliant, flying, very slightly contaminated, not resistant to hostile
enchantments, very unstealthy
A: change form in water, swift swim
a: no special abilities


You were on level 3 of the Dungeon.
You were near starving.

You visited 1 branch of the dungeon, and saw 3 of its levels.

You collected 155 gold pieces.

Inventory:

Hand weapons
 f - a +0 trident (weapon)
Armour
 a - a +1 pair of gloves (worn)
 b - a +0 leather armour (worn)
 e - a cursed +0 helmet (worn)
 k - a +1 pair of boots of flying
 m - a +0 pair of boots (worn)
 p - a +0 cloak (worn)
Jewellery
 u - a +2 ring of intelligence {unknown}
Scrolls
 g - 2 scrolls of teleportation {unknown}
 h - a scroll of magic mapping {unknown}
 i - 6 scrolls of identify {unknown}
 o - 4 scrolls of amnesia {unknown}
 q - a scroll of immolation {unknown}
 t - a scroll of remove curse {unknown}
 v - 2 scrolls of blinking {unknown}
Potions
 l - a potion of agility
 r - a potion of poison {unknown}
Books
 c - a book of Battle

   Spells                             Type                      Level
   a - Infusion                       Charms                       1
   b - Shroud of Golubria             Charms/Translocation         2
   c - Song of Slaying                Charms                       2
   d - Spectral Weapon                Hexes/Charms                 3
   e - Regeneration                   Charms/Necromancy            3
Comestibles
 d - 2 bread rations
 j - a beef jerky
 s - 3 slices of pizza


   Skills:
 * Level 3.1 Fighting
 - Level 6.0 Polearms
 - Level 0.6 Armour
 + Level 3.1 Dodging
 - Level 2.0 Spellcasting
 - Level 3.2 Charms


You had 2 spell levels left.
You knew the following spells:

 Your Spells              Type           Power        Failure   Level  Hunger
e - Shroud of Golubria    Chrm/Tloc      ###.......   2%          2    ###....
q - Infusion              Chrm           ###...       1%          1    #......
w - Regeneration          Chrm/Necr      ###.......   5%          3    ###....


Dungeon Overview and Level Annotations

Branches:
Dungeon (3/15)

Altars:
Okawaru


Message History

You are near starving!
You hear some strange, mumbled words.
A puff of flame appears from out of thin air!
The puff of flame misses you.
Casting: Infusion
Confirm with . or Enter, or press ? or * to list all spells.
You miscast Infusion.
Waves of light ripple over your body.
You hear some strange, mumbled words.
A puff of flame appears from out of thin air!
The puff of flame hits you!
* * * LOW HITPOINT WARNING * * *
Drink which item? (? for menu, Esc to quit)
It was a potion of flight.
You feel very buoyant.
You fly up into the air.
Something hits you but does no damage.
Drink which item? (? for menu, Esc to quit)
It was a potion of brilliance.
You feel clever all of a sudden. Something hits you.
You die...

#......# ##..
######.# #.. #.##
#.. #..# ###
##.#### #....##
####..#
...######### ##.#
.....){@...#####
#.#
..########.....##
#.###
#####..###...##
##..>.##...
####<<%...
####... #....
##... ##..


There were no monsters in sight!

Vanquished Creatures
  A scorpion (D:3)
  3 adders
  A worm (D:2)
  2 giant geckos
  An orc (D:3)
  A ball python (D:3)
  2 giant cockroaches
  7 goblins
  6 hobgoblins
  12 jackals
  5 kobolds
  4 bats (D:1)
  2 giant newts (D:2)
  7 rats
54 creatures vanquished.

Vanquished Creatures (others)
  A butterfly (D:2)
1 creature vanquished.

Grand Total: 55 creatures vanquished

Notes
Turn   | Place    | Note
--------------------------------------------------------------
     0 | D:1      | Kisielow the Merfolk Skald began the quest for the Orb.
     0 | D:1      | Reached XP level 1. HP: 16/16 MP: 3/3
   215 | D:1      | Reached skill level 4 in Polearms
   215 | D:1      | Reached XP level 2. HP: 22/22 MP: 5/5
   775 | D:1      | Reached skill level 5 in Polearms
   775 | D:1      | Reached XP level 3. HP: 24/27 MP: 6/6
   780 | D:1      | Learned a level 3 spell: Regeneration
   783 | D:1      | Learned a level 2 spell: Shroud of Golubria
  1281 | D:2      | Found an iron altar of Okawaru.
  1382 | D:2      | Reached skill level 6 in Polearms
  1382 | D:2      | Reached XP level 4. HP: 25/33 MP: 4/7
  1883 | D:3      | Reached XP level 5. HP: 8/41 MP: 4/8
  2132 | D:3      | Slain by an orc wizard

Vault maps used:
D:1:      saegor_arrival_under_anarchy, item_on_display_a
D:2:      overflow_temple_1_default
D:3:      minmay_curled_crystal, interstate_on_off

Action                   |  1- 3 |  4- 6 || total
-------------------------+-------+-------++-------
Melee: Spear             |   136 |    13 ||   149
       Trident           |       |    57 ||    57
 Cast: Infusion          |     5 |     3 ||     8
       Shroud of Golubri |     1 |       ||     1
  Use: Potion            |       |     4 ||     4
 Stab: Distracted        |     1 |       ||     1
  Eat: Chunk             |     2 |     1 ||     3
